 Dungeon Crawl Stone Soup version 0.25-a0-458-g6fc7858b95 (webtiles) character file.

Game seed: 12533893355048737081, levelgen mode: deterministic

100 Error4North the Shield-Bearer (level 4, -2/40 HPs)
             Began as a Hill Orc Fighter on Feb 3, 2020.
             Slain by a gnoll
             ... wielding a +0 halberd
              (7 damage)
             ... on level 3 of the Dungeon.
             The game lasted 00:05:11 (1426 turns).

Error4North the Shield-Bearer (Hill Orc Fighter)    Turns: 1426, Time: 00:05:11

Health: -2/40      AC:  7    Str: 24    XL:     4   Next: 73%
Magic:  4/4        EV:  8    Int:  8    God:
Gold:   152        SH: 10    Dex: 10    Spells: 3/3 levels left

rFire    . . .     SeeInvis .   a - +0 war axe
rCold    . . .     Gourm    .   c - +0 shield
rNeg     . . .     Faith    .   b - +0 scale mail
rPois    .         Spirit   .   (no helmet)
rElec    .         Reflect  .   (no cloak)
rCorr    .         Harm     .   (no gloves)
MR       .....                  (no boots)
Stlth    ..........             (no amulet)
HPRegen  0.13/turn              (no ring)
MPRegen  0.09/turn              (no ring)

@: mighty
A: no striking features
a: no special abilities


You were on level 3 of the Dungeon.
You were not hungry.

You visited 1 branch of the dungeon, and saw 3 of its levels.

You collected 152 gold pieces.

Inventory:

Hand Weapons
 a - a +0 war axe (weapon)
Armour
 b - a +0 scale mail (worn)
 c - a +0 shield (worn)
Jewellery
 i - a +3 ring of evasion
 p - an uncursed ring of protection from fire {unknown}
Scrolls
 e - a scroll of enchant armour {unknown}
 j - 2 scrolls of remove curse {unknown}
 k - a scroll of random uselessness {unknown}
 l - 2 scrolls of amnesia {unknown}
 m - a scroll of blinking {unknown}
 n - a scroll of magic mapping {unknown}
Potions
 h - 5 potions of curing {unknown}
 o - a potion of cancellation {unknown}
 q - a potion of degeneration {unknown}
Comestibles
 f - 11 rations
 g - a chunk of flesh


   Skills:
 * Level 4.1 Fighting
 + Level 3.5 Axes
 * Level 3.8 Armour
 + Level 0.6 Dodging
 * Level 4.5 Shields


You had 3 spell levels left.
You didn't know any spells.
Your spell library was empty.

Dungeon Overview and Level Annotations

Branches:
Dungeon (3/15)

Altars:


Message History

You block the jackal's attack. You block the gnoll's attack.
The gnoll hits you from afar with a +0 halberd.
* * * LOW HITPOINT WARNING * * *
The frilled lizard closely misses you. The jackal misses you.
You block the jackal's attack. You block the gnoll's attack.
You barely miss the gnoll.
The gnoll is heavily wounded.
You hit the frilled lizard.
You kill the frilled lizard!
You hit the jackal. You barely miss the jackal. You hit the gnoll.
The jackal completely misses you.
A leopard gecko comes into view.
You block the gnoll's attack. The jackal barely misses you.
The gnoll barely misses you. The jackal closely misses you.
The gnoll hits you with a +2 whip of flaming.
* * * LOW HITPOINT WARNING * * *
The gnoll burns you.
* * * LOW HITPOINT WARNING * * *
You block the jackal's attack. The gnoll hits you with a +0 halberd!
You die...

#####..........
..
#####.....###.#
##. #........##
# #. #.####..##
#. #.# #.....
.. #.# ..###..
#.# ..# ..
#.###h.##.# .
#..h@g...#
#..)hg..o#
........g.....#
####.###..)...#
#.# ....... #.#
.....l. #.#
.##.#.. .. .#
...#


You could see 3 gnolls, an orc, a leopard gecko (wandering) and 3 jackals.

Vanquished Creatures
  3 adders (D:2)
  A gnoll (D:3)
  2 worms (D:2)
  3 dart slugs (D:1)
  A leopard gecko (D:1)
  3 giant cockroaches
  9 goblins
  9 hobgoblins
  3 jackals (D:1)
  A ball python (D:1)
  7 bats
  3 frilled lizards
  3 kobolds
  2 rats (D:1)
50 creatures vanquished.

Notes
Turn   | Place    | Note
-------+----------+-------------------------------------------
     0 | D:1      | Error4North the Hill Orc Fighter began the quest for the
                  | Orb.
     0 | D:1      | Reached XP level 1. HP: 19/19 MP: 1/1
    92 | D:1      | Reached XP level 2. HP: 26/27 MP: 2/2
   304 | D:1      | Reached XP level 3. HP: 33/33 MP: 3/3
   809 | D:2      | Reached XP level 4. HP: 37/40 MP: 4/4
  1426 | D:3      | Slain by a gnoll

Levels and vault maps discovered:
D:1:      ncdulo_lavacross, layout_basic, minmay_misc_feat_four_crosses
D:2:      layout_rooms
D:3:      layout_loops_ring, lemuel_crystal_altar, minmay_vboxes

Skill      XL: |  1  2  3 |
---------------+----------+-----
Axes           | 3 |  3.5
Shields        | 4 |  4.5
Fighting       | 4 |  4.1
Armour         | |  3.8
Dodging        | |  0.6

Action                   |  1- 3 |  4- 6 || total
-------------------------+-------+-------++-------
Melee: War axe           |   101 |    33 ||   134
  Use: Potion            |       |     1 ||     1
  Eat: Chunk             |       |     2 ||     2
Armor: Scale mail        |    31 |    21 ||    52
Dodge: Dodged            |    36 |    17 ||    53
Block: Shield            |    55 |    42 ||    97

Table legend:
 A = Non-vault XP
 B = Vault XP
 C = Vault XP percentage of total XP
 D = Non-vault monster count
 E = Vault monster count
 F = Vault count percentage of total count
                 A         B        C        D         E       F
            +---------+---------+-------+---------+---------+-------
      Total |     142 |       1 |   0.7 |      49 |       1 |   2.0
            +---------+---------+-------+---------+---------+-------
        D:1 |      60 |       0 |   0.0 |      32 |       0 |   0.0
        D:2 |      65 |       0 |   0.0 |      14 |       0 |   0.0
        D:3 |      17 |       1 |   5.6 |       3 |       1 |  25.0
            +---------+---------+-------+---------+---------+-------
